 Dungeon Crawl Stone Soup version 0.27-a0-1324-ge0d8e047f6 (webtiles) character file.

Game seed: 4752021642325812101

72 kae the Chopper (level 4, -3/36 HPs)
             Began as a Hill Orc Fighter on June 23, 2021.
             Killed by nerve-wracking pain
             ... invoked by Grinder
              (13 damage)
             ... on level 3 of the Dungeon.
             The game lasted 00:01:01 (2129 turns).

kae the Chopper (Hill Orc Fighter)                  Turns: 2129, Time: 00:01:02

Health: -3/36      AC:  8    Str: 19    XL:     4   Next: 26%
Magic:  4/4        EV:  7    Int:  8    God:
Gold:   77         SH:  8    Dex:  8    Spells: 3/3 levels left

rFire    . . .     SeeInvis .   a - +0 war axe
rCold    . . .     Faith    .   c - +0 kite shield
rNeg     . . .     Spirit   .   b - +0 scale mail
rPois    .         Reflect  .   (no helmet)
rElec    .         Harm     .   (no cloak)
rCorr    .         Rampage  .   g - +0 pair of gloves
Will     .....                  (no boots)
Stlth    ..........             (no amulet)
HPRegen  0.12/turn              (no ring)
MPRegen  0.09/turn              (no ring)

@: mighty
A: clumsy 1, frail 1, MP-powered wands
a: no special abilities


You were on level 3 of the Dungeon.
You visited 1 branch of the dungeon, and saw 3 of its levels.

You collected 77 gold pieces.

Inventory:

Hand Weapons
 a - a +0 war axe (weapon)
Armour
 b - a +0 scale mail (worn)
 c - a +0 kite shield (worn)
 g - a +0 pair of gloves (worn)
Scrolls
 e - 2 scrolls of identify
Potions
 f - 2 potions of curing


   Skills:
 + Level 4.5 Fighting
 * Level 5.1 Axes
 - Level 3.2 Armour
 - Level 3.2 Shields


You had 3 spell levels left.
You didn't know any spells.
Your spell library contained the following spells:

 Spells                   Type           Power      Damage    Failure   Level
 Magic Dart               Conj           0%         1d3       99%         1
 Searing Ray              Conj           0%         3d3       100%        2
 Confusing Touch          Hex            0%         N/A       100%        3
 Dazzling Flash           Conj/Hex       0%         N/A       100%        3
 Gell's Gravitas          Tloc           0%         N/A       100%        3
 Fulminant Prism          Conj/Hex       0%         3d6       100%        4
 Iskenderun's Mystic Bla  Conj/Tloc      0%         2d3       100%        4
 Petrify                  Tmut/Erth      0%         N/A       100%        4
 Metabolic Englaciation   Hex/Ice        0%         N/A       100%        5
 Yara's Violent Unravell  Hex/Tmut       0%         3d3       100%        5


Dungeon Overview and Level Annotations

Branches:
Dungeon (3/15)

Altars:
Elyvilon

Annotations:
D:3 Grinder


Innate Abilities, Weirdness & Mutations

You are clumsy. (Dex -2)
You are frail. (-10% HP)
You expend magic power (3 MP) to strengthen your wands.


Message History

It was a potion of mutation.
You feel extremely strange.
You feel frail.
You feel your magical essence link to the dungeon's wands.
You feel clumsy.
The bat hits your kobold but does no damage.
The bat misses your kobold. Terence barely misses you.
Grinder completely misses you.
The bat hits your kobold but does no damage.
The orc hits your kobold with a +0 falchion.
Your kobold dies!
Your kobold's corpse dissolves into shadows!
Your frilled lizard closely misses Grinder.
You feel very mighty all of a sudden. Terence hits you with a +0 mace.
Grinder hits you but does no damage.
Your frilled lizard bites Grinder.
You barely miss Grinder.
Grinder is lightly wounded.
You slash Terence! Terence hits you with a +0 mace. Grinder hits you.
Your frilled lizard closely misses Grinder.
You hit Grinder.
Grinder is lightly wounded.
You closely miss Terence. You block Terence's attack.
Grinder blinks!
Your frilled lizard bites Grinder.
Terence hits you but does no damage. You block Grinder's attack.
You closely miss Grinder.
Grinder is lightly wounded.
You slash Terence!
Your frilled lizard bites Grinder but does no damage.
You block Terence's attack. Grinder gestures at you.
Pain shoots through your body!
* * * LOW HITPOINT WARNING * * *
Your frilled lizard bites Grinder but does no damage.
You slash Terence!
You kill Terence!
You barely miss Grinder. You block the bat's attack. Grinder barely misses you.
Your frilled lizard bites Grinder.
Grinder gestures at you. Pain shoots through your body!
You die...

################
#..o@5l........#
.....b#####..####.#
..... #..# #.# ....
.#####..# #.# ...
........####.## ..
####.....#..# .
#.....##.##.#
#.###.#.....# .#.
#.#######


You could see Grinder (ally target), an orc, a bat and a friendly frilled lizard
(summoned).

Vanquished Creatures
  Terence (D:3)
  2 adders (D:2)
  A worm (D:2)
  An orc (D:2)
  8 ball pythons
  4 endoplasms
  2 giant cockroaches (D:1)
  4 goblins
  7 hobgoblins
  3 kobolds
  A quokka (D:1)
  7 bats
  3 frilled lizards (D:2)
  5 rats
49 creatures vanquished.

Notes
Turn   | Place    | Note
-------+----------+-------------------------------------------
     0 | D:1      | kae the Hill Orc Fighter began the quest for the Orb.
     0 | D:1      | Reached XP level 1. HP: 19/19 MP: 1/1
    17 | D:1      | Reached skill level 3 in Axes
   125 | D:1      | Reached XP level 2. HP: 27/27 MP: 2/2
   382 | D:1      | Reached skill level 4 in Axes
   425 | D:1      | Reached XP level 3. HP: 32/33 MP: 3/3
   860 | D:1      | Found a faded altar of an unknown god.
  1549 | D:2      | Reached XP level 4. HP: 41/41 MP: 4/4
  1582 | D:2      | Reached skill level 5 in Axes
  2064 | D:3      | Found a white marble altar of Elyvilon.
  2113 | D:3      | Noticed Grinder
  2114 | D:3      | Noticed Terence
  2124 | D:3      | Gained mutation: You are frail. (-10% HP) [potion of
                  | mutation]
  2124 | D:3      | Gained mutation: You expend magic power (3 MP) to
                  | strengthen your wands. [potion of mutation]
  2124 | D:3      | Gained mutation: You are clumsy. (Dex -2) [potion of
                  | mutation]
  2129 | D:3      | Killed Terence
  2129 | D:3      | Killed from afar by Grinder

Illustrated notes

Levels and vault maps discovered:
D:1:      elethiomel_arrival_shortcut, layout_basic,
          hellmonk_ecumenical_altar_arch_garden
D:2:      layout_basic
D:3:      minmay_roachtagon, layout_basic, elyvilon_altar_4,
          kennysheep_generic_room_6, uniq_robin, uniq_sigmund, uniq_grinder,
          uniq_terence

Skill      XL: |  1  2  3  4 |
---------------+-------------+-----
Axes           | 3 4 5 |  5.1
Fighting       | 4 |  4.5
Armour         | |  3.2
Shields        | |  3.2

Action                   |  1- 3 |  4- 6 || total
-------------------------+-------+-------++-------
Melee: War axe           |   112 |    30 ||   142
  Use: Scroll            |     2 |     2 ||     4
       Potion            |       |     4 ||     4
Armor: Scale mail        |    62 |    12 ||    74
Dodge: Dodged            |    39 |    12 ||    51
Block: Kite shield       |    60 |    24 ||    84

Table legend: (Time is in decaauts)
 A = Elapsed time spent in this place.
 B = Non-inter-level travel time spent in this place.
 C = Inter-level travel time spent in this place.
 D = Time resting spent in this place.
 E = Time spent auto-exploring this place.
 F = Levels seen in this place.
 G = Mean time per level.
                   A        B        C        D        E       F      G
               +--------+--------+--------+--------+--------+-----+--------+
         Total |   2202 |   2144 |     58 |     35 |   1757 |   3 |  734.0 |
       Dungeon |   2202 |   2144 |     58 |     35 |   1757 |   3 |  734.0 |
               +--------+--------+--------+--------+--------+-----+--------+

Top non-repeatable levels by time:
     D:2: 1087 daAuts
     D:1: 1046 daAuts
     D:3: 68 daAuts
